Map: Triton LE

Players

Chrispy - Winner!

  • Race: Protoss Protoss
  • Spawn Location: 11:00

VOD

Have the link to the VOD?

Description

Time

  • Played on: Nov. 19, 2019, 1:46 a.m.
  • Length: 37:56
Show
View Real Time Build Order
Export as new Build Order

Chrispy Protoss - Winner!

Build Orders:  

Get SALT Encoding   

  12  0:01  Probe (Chrono Boost)  
  13  0:12  Probe (Chrono Boost)  
  14  0:31  Pylon  
  15  0:40  Probe (Chrono Boost)  
  15  0:53  Assimilator  
  15  0:58  Probe (Chrono Boost)  
  16  1:10  Gateway  
  16  1:15  Probe (Chrono Boost)  
  17  1:32  Probe (Chrono Boost)  
  18  1:46  Assimilator  
  18  1:49  Probe (Chrono Boost)  
  19  2:02  Probe (Chrono Boost)  
  19  2:03  Gateway  
  20  2:13  Probe (Chrono Boost)  
  20  2:17  Zealot  
  23  2:44  Pylon  
  23  2:56  Cybernetics Core  
  23  3:01  Forge  
  23  3:09  Zealot  
  26  3:10  Zealot  
  26  3:11  Probe (Chrono Boost)  
  28  3:28  Probe (Chrono Boost)  
  29  3:55  Nexus  
  29  4:31  Stalker (Chrono Boost)  
  31  4:41  Protoss Ground Weapons Level 1  
  31  5:06  Pylon  
  31  5:27  Pylon  
  31  5:31  Pylon  
  31  5:32  Stalker (Chrono Boost)  
  31  5:38  Warp Gate  
  31  5:39  Probe  
  34  5:40  Probe  
  34  5:47  Stalker (Chrono Boost)  
  37  6:39  Gateway  
  37  6:42  Gateway  
  37  6:43  Probe x2  
  39  6:58  Protoss Air Weapons Level 1  
  39  7:00  Probe x2  
  41  7:17  Probe x2  
  43  7:27  Protoss Ground Armor Level 1  
  43  7:32  Twilight Council  
  43  7:34  Probe  
  44  7:44  Sentry  
  44  7:45  Sentry  
  48  8:11  Gateway  
  48  8:14  Gateway  
  48  8:16  Probe x2 (Chrono Boost)  
  48  8:18  Gateway  
  50  8:28  Probe x2 (Chrono Boost)  
  50  8:35  Assimilator  
  50  8:38  Stalker x3  
  50  8:39  Assimilator, Stalker  
  60  8:41  Probe (Chrono Boost)  
  60  8:42  Probe (Chrono Boost)  
  62  8:57  Probe (Chrono Boost)  
  63  9:23  Zealot x3  
  63  9:24  Zealot  
  51  10:00  Stalker x4  
  51  10:01  Stalker x2  
  51  10:08  Charge (Chrono Boost)  
  63  10:12  Probe (Chrono Boost)  
  63  10:17  Probe (Chrono Boost)  
  65  10:25  Probe (Chrono Boost)  
  65  10:27  Protoss Shields Level 1  
  66  10:34  Probe (Chrono Boost)  
  68  10:51  Probe (Chrono Boost)  
  68  10:55  Nexus, Stalker  
  70  11:10  Pylon  
  70  11:14  Pylon  
  70  11:17  Pylon  
  70  11:52  Stalker x4  
  70  11:53  Stalker x3  
  84  12:36  Zealot  
  84  12:37  Zealot x4  
  84  12:38  Zealot x2  
  98  12:51  Assimilator  
  98  12:53  Assimilator  
  98  12:56  Blink  
  98  13:06  Stargate  
  98  13:08  Stargate  
  98  13:11  Stargate  
  98  13:14  Stargate  
  98  14:08  Zealot x2  
  98  14:09  Zealot x3  
  108  14:37  Probe (Chrono Boost)  
  109  14:42  Pylon  
  109  14:46  Pylon  
  109  14:50  Pylon  
  109  15:01  Void Ray (Chrono Boost)  
  109  15:05  Probe x2 (Chrono Boost)  
  109  15:06  Probe  
  109  15:07  Void Ray x2 (Chrono Boost)  
  116  15:14  Void Ray (Chrono Boost)  
  114  15:22  Probe x2  
  114  15:23  Probe  
  89  15:59  Sentry x3  
  99  16:04  Zealot  
  99  16:05  Zealot x3  
  99  16:07  Void Ray (Chrono Boost)  
  107  16:15  Unknown  
  107  16:39  Void Ray x3 (Chrono Boost)  
  107  16:40  Protoss Air Armor Level 1  
  107  16:47  Fleet Beacon, Protoss Ground Weapons Level 2  
  119  17:01  Probe (Chrono Boost)  
  119  17:02  Probe (Chrono Boost)  
  119  17:07  Probe (Chrono Boost)  
  122  17:14  Probe x2 (Chrono Boost)  
  124  17:24  Probe (Chrono Boost)  
  125  17:37  Zealot x3  
  125  17:38  Zealot  
  133  17:49  Pylon  
  133  17:53  Pylon  
  133  17:58  Pylon  
  133  18:06  Pylon  
  133  18:10  Void Ray (Chrono Boost)  
  133  18:11  Void Ray (Chrono Boost)  
  133  18:12  Void Ray (Chrono Boost)  
  133  18:13  Void Ray (Chrono Boost)  
  149  18:29  Stalker  
  151  18:30  Stalker x3  
  151  18:32  Stalker  
  151  18:35  Stalker  
  151  18:36  Stalker  
  163  19:26  Pylon  
  163  19:28  Pylon  
  163  19:33  Pylon  
  163  19:41  Robotics Facility  
  163  19:44  Stalker  
  165  19:54  Void Ray (Chrono Boost)  
  169  20:09  Protoss Ground Armor Level 2 (Chrono Boost)  
  127  20:49  Protoss Air Weapons Level 2 (Chrono Boost)  
  109  21:51  Stalker x4  
  109  21:52  Stalker x3  
  103  22:43  Void Ray x4 (Chrono Boost)  
  107  23:22  Stalker x2  
  107  23:23  Stalker x4  
  107  23:24  Stalker  
  137  23:43  Protoss Shields Level 2  
  137  23:45  Void Ray (Chrono Boost)  
  137  23:46  Void Ray x3 (Chrono Boost)  
  137  23:59  Protoss Air Armor Level 2  
  137  24:12  Nexus  
  137  24:33  Void Ray x3 (Chrono Boost)  
  137  24:34  Stalker x4  
  137  24:35  Stalker x2  
  137  24:36  Stalker  
  163  24:53  Pylon  
  163  24:55  Pylon  
  163  25:13  Observer  
  168  25:22  Void Ray (Chrono Boost)  
  172  25:31  Void Ray (Chrono Boost)  
  172  25:43  Observer  
  173  25:52  Assimilator, Stalker x4  
  173  25:53  Stalker  
  173  25:54  Stalker  
  173  25:55  Assimilator  
  145  26:13  Observer  
  134  26:32  Stalker  
  134  26:33  Stalker x3  
  134  26:34  Stalker x3  
  148  26:43  Observer  
  148  26:46  Void Ray x2 (Chrono Boost)  
  157  27:23  Protoss Ground Weapons Level 3  
  157  27:24  Stalker  
  157  27:25  Stalker x2  
  157  27:26  Stalker  
  110  29:21  Void Ray x4 (Chrono Boost)  
  106  29:50  Observer  
  114  30:21  Void Ray x2 (Chrono Boost)  
  113  30:36  Observer  
  114  31:06  Observer  
  119  31:18  Void Ray (Chrono Boost)  
  119  31:33  Protoss Ground Armor Level 3  
  119  31:36  Observer  
  120  32:06  Observer  
  129  33:17  Void Ray x3 (Chrono Boost)  
  125  34:53  Zealot x2  
  125  34:54  Zealot x2  
  132  36:24  Zealot x2  
  132  36:25  Zealot x3  
  132  36:26  Zealot x2  
  150  37:02  Void Ray (Chrono Boost)  
Tags
 
Matchup
Co-op
Add a new tag
Caveats
  • Supply blocks, unpowered buildings, or Contaminate may cause inaccurate times.
  • Supply counts are checked every 10 seconds.